 Seeded DCSS version 0.29.1-12-g30fa7ad0bf (webtiles) character file.

Game seed: 20230113 (custom seed)

88 stormannn the Trooper (level 4, 0/38 HPs)
             Began as a Demigod Fighter on Jan 13, 2023.
             Slain by an orc wizard
             ... wielding a +0 dagger
              (3 damage)
             ... on level 3 of the Dungeon.
             The game lasted 00:02:18 (2444 turns).

stormannn the Trooper (Demigod Fighter)             Turns: 2444, Time: 00:02:19

Health: 0/38       AC:  6    Str: 17    XL:     4   Next: 8%
Magic:  6/6        EV: 13    Int: 14    God:
Gold:   90         SH:  4    Dex: 13    Spells: 3/3 levels left

rFire   . . .      SeeInvis .   a - +0 war axe
rCold   . . .      Faith    .   c - +0 buckler
rNeg    . . .      Spirit   .   b - +0 scale mail
rPois   .          Reflect  .   (no helmet)
rElec   .          Harm     .   (no cloak)
rCorr   .          Rampage  .   (no gloves)
Will    .....                   (no boots)
Stlth   ..........              (no amulet)
HPRegen 0.12/turn               m - +4 ring of evasion
MPRegen 0.10/turn               (no ring)

@: mighty
A: high MP 1, forlorn, divine attributes
a: no special abilities


You were on level 3 of the Dungeon.
You visited 1 branch of the dungeon, and saw 3 of its levels.

You collected 90 gold pieces.

Inventory:

Hand Weapons
 a - a +0 war axe (weapon)
Missiles
 q - 4 poisoned darts (quivered)
Armour
 b - a +0 scale mail (worn)
 c - a +0 buckler (worn)
Jewellery
 m - a +4 ring of evasion (left hand)
Scrolls
 f - 3 scrolls of poison
 g - a scroll of enchant armour {unknown}
 p - a scroll of teleportation
Potions
 e - a potion of mutation {unknown}
 h - 2 potions of heal wounds
 i - a potion of curing {unknown}
 j - a potion of flight {unknown}
 k - 2 potions of invisibility
 l - a potion of lignification {unknown}
 n - a potion of degeneration {unknown}


   Skills:
 + Level 3.1 Fighting
 + Level 2.2 Axes
 + Level 3.1 Armour
 * Level 2.0 Dodging
 + Level 3.0 Shields


You had 3 spell levels left.
You didn't know any spells.
Your spell library contained the following spells:

 Spells                   Type           Power      Damage    Failure   Level
 Foxfire                  Conj/Fire      0%         2x1d4     77%         1
 Magic Dart               Conj           0%         1d3       77%         1
 Searing Ray              Conj           0%         2d4       88%         2
 Conjure Flame            Conj/Fire      0%         6-21      98%         3
 Inner Flame              Hex/Fire       0%         N/A       98%         3
 Flame Wave               Conj/Fire      0%         2d4       100%        4
 Fulminant Prism          Conj/Hex       0%         3d6       100%        4


Dungeon Overview and Level Annotations

Branches:
Dungeon (3/15)


Innate Abilities, Weirdness & Mutations

You have an increased reservoir of magic. (+10% MP)
You shall have no god before yourself.
Your divine heritage dramatically boosts your attributes as you level up.


Message History

You hear some strange, mumbled words.
You are confused.
Your Dodging skill increases to level 2!
You bump into the rock wall.
Something hits you.
You hear some strange, mumbled words.
You are more confused.
Something hits you.
You're too confused to move!
Something hits you.
You bump into the rock wall.
Something hits you.
You closely miss something. Something hits you but does no damage.
You bump into the rock wall.
Something hits you.
You're too confused to move!
You hear some strange, mumbled words.
A magic dart appears from out of thin air!
The magic dart hits you.
* * * LOW HITPOINT WARNING * * *
You slash something! Something hits you but does no damage. Something hits you.
* * * LOW HITPOINT WARNING * * *
You miss something. Something hits you but does no damage.
Something hits you but does no damage.
A magic dart appears from out of thin air!
The magic dart hits you.
* * * LOW HITPOINT WARNING * * *
Items here: ( )) [ †.
You feel less confused. Something hits you but does no damage.
Items here: ( )) [ †.
You closely miss something. Something barely misses you.
Something hits you but does no damage.
You barely miss something. You block something's attack.
You closely miss something. Something hits you.
* * * LOW HITPOINT WARNING * * *
You barely miss something.
Something hits you but does no damage. x2
You miss something. Something hits you but does no damage.
Okay, then.
You miss something. You block something's attack. Something hits you.
* * * LOW HITPOINT WARNING * * *
You miss something. Something hits you but does no damage.
You closely miss something. Something hits you.
You die...

######### #.......#
#.......# ###########
#.......#
.......>..####.......##
._...###@....#........#
.....'){.....#........#
.....###.#...##.......###
... #.#............... #
#.####....######## #.#
####.......## #.#
#######... #.. #### ###


There were no monsters in sight!

Vanquished Creatures
  3 adders
  2 worms
  A dart slug (D:3)
  4 orcs (D:3)
  3 bats
  2 endoplasms (D:1)
  2 giant cockroaches (D:1)
  5 goblins (D:1)
  5 hobgoblins
  2 kobolds (D:2)
  3 quokkas
  8 ball pythons
  5 frilled lizards
  3 rats
48 creatures vanquished.

Notes
Turn   | Place    | Note
-------+----------+-------------------------------------------
     0 | D:1      | stormannn the Demigod Fighter began the quest for the Orb.
     0 | D:1      | Reached XP level 1. HP: 18/18 MP: 3/3
   278 | D:1      | Reached XP level 2. HP: 25/25 MP: 4/4
   387 | D:1      | Reached skill level 1 in Dodging
  1178 | D:2      | Reached XP level 3. HP: 29/31 MP: 5/5
  2419 | D:3      | Reached XP level 4. HP: 6/38 MP: 6/6
  2444 | D:3      | Slain by an orc wizard

Illustrated notes

Levels and vault maps discovered:
D:1:      wander_arrival_fairy_ring, layout_basic,
          hellmonk_ecumenical_altar_leap_of_faith, st_stairs_6
D:2:      layout_basic
D:3:      layout_basic, overflow_temple_1_default

Skill      XL: |  1  2  3  4 |
---------------+-------------+-----
Axes           | 2 |  2.2
Dodging        | 1 2 |  2.0
Fighting       | 3 |  3.1
Armour         | 3 |  3.1
Shields        | 3 |  3.0

Action                   |  1- 3 |  4- 6 || total
-------------------------+-------+-------++-------
Melee: War axe           |   131 |    15 ||   146
  Use: Scroll            |     8 |       ||     8
       Potion            |     1 |     1 ||     2
Armor: Scale mail        |    40 |    13 ||    53
Dodge: Dodged            |    64 |     3 ||    67
Block: Buckler           |    36 |     2 ||    38
